| TOP OF THE 1ST |
|
Caifornia Angels batting - Pitching for New York Yankees : RHP John Brice
|
|
Pitching: RHP John Brice
|
|
|
Batting: RHB Nick Dunn
|
0-0: Ball 1-0: Swinging Strike 1-1: Ball 2-1: SINGLE (Groundball, 6MS, EV 68.1 MPH) (infield hit)
|
|
Batting: SHB Aldo Questi
|
0-0: Called Strike Nick Dunn steals 2nd base 0-1: Ball 1-1: Swinging Strike 1-2: Foul Ball, location: 2F 1-2: Ball 2-2: Foul Ball, location: 2F 2-2: Foul Ball, location: 2F 2-2: Ball 3-2: Fly out, F6 (Popup, 6D, EV 56.3 MPH)
|
|
Batting: RHB Preston Deakyne
|
0-0: DOUBLE (Line Drive, 7LM, EV 93.8 MPH) Nick Dunn scores
|
|
Batting: RHB Dietmar Warmisch
|
0-0: Ball 1-0: Foul Ball, location: 2F 1-1: Called Strike 1-2: Ball 2-2: Strikes out swinging
|
|
Batting: RHB Danny Odom
|
0-0: Called Strike 0-1: Foul Ball, location: 2F 0-2: Foul Ball, location: 2F 0-2: Strikes out looking
|
| Top of the 1st over - 1 run, 2 hits, 0 errors, 1 left on base; Caifornia 1 - New York 0 |
| BOTTOM OF THE 1ST |
|
New York Yankees batting - Pitching for Caifornia Angels : RHP Franz Holzknecht
|
|
Pitching: RHP Franz Holzknecht
|
|
|
Batting: LHB Jordan de Jesus
|
0-0: Ball 1-0: Bunt missed! 1-1: Ball 2-1: Foul Ball, location: 2F 2-2: Ground out 5-3 (Groundball, 56, EV 90.0 MPH)
|
|
Batting: RHB Sean Neuroth
|
0-0: Ball 1-0: Ball 2-0: Called Strike 2-1: Called Strike 2-2: Reached on error, E6 (Groundball, 6, EV 104.4 MPH)
|
|
Batting: LHB Jim Skare
|
0-0: Ball 1-0: Grounds into double play, 6-4-3 (Groundball, 6, EV 83.8 MPH)
|
| Bottom of the 1st over - 0 runs, 0 hits, 1 error, 0 left on base; Caifornia 1 - New York 0 |
| TOP OF THE 2ND |
|
Caifornia Angels batting - Pitching for New York Yankees : RHP John Brice
|
|
Batting: LHB Vinny Carreno
|
0-0: Ball 1-0: SOLO HOME RUN (Flyball, 9D, EV 103.1 MPH), Distance : 393 ft
|
|
Batting: RHB Jasper Burd
|
0-0: Called Strike 0-1: Swinging Strike 0-2: Ball 1-2: Strikes out looking
|
|
Batting: LHB Steve Roepke
|
0-0: Fly out, F8 (Line Drive, 8LD, EV 96.9 MPH)
|
|
Batting: RHB Jose Pineda
|
0-0: Called Strike 0-1: Ball 1-1: Called Strike 1-2: Ball 2-2: Ball 3-2: Strikes out swinging passed ball, reaches first!
|
|
Batting: RHB Nick Dunn
|
0-0: Ball Jose Pineda steals 2nd base (no throw) 1-0: Ball 2-0: Foul Ball, location: 2F 2-1: Ball 3-1: Foul Ball, location: 2F 3-2: Foul Ball, location: 2F 3-2: Ground out 5-3 (Groundball, 56, EV 101.9 MPH)
|
| Top of the 2nd over - 1 run, 1 hit, 0 errors, 1 left on base; Caifornia 2 - New York 0 |
| BOTTOM OF THE 2ND |
|
New York Yankees batting - Pitching for Caifornia Angels : RHP Franz Holzknecht
|
|
Batting: LHB Evan Torraville
|
0-0: Reached via error on a dropped throw from 2B, E3 (Groundball, 4, EV 108.8 MPH)
|
|
Batting: RHB C.J. Richerson
|
0-0: Ball 1-0: Ball 2-0: DOUBLE (Flyball, 89XD, EV 100.0 MPH) Evan Torraville to third Runner from 3rd tries for Home, SAFE, throw by CF to trailing runner, SAFE at third!
|
|
Batting: LHB David Bramble
|
0-0: Swinging Strike 0-1: Ball 1-1: Ball 2-1: Foul Ball, location: 2F 2-2: Ball 3-2: Base on Balls
|
|
Batting: RHB Kai Bellow
|
0-0: Ball 1-0: Foul Ball, location: 2F 1-1: Called Strike 1-2: 3-RUN HOME RUN (Flyball, 7D, EV 103.8 MPH), Distance : 405 ft
|
|
Batting: LHB Brad Ritter
|
0-0: Called Strike 0-1: Called Strike 0-2: Fly out, F9 (Flyball, 89D, EV 104.4 MPH)
|
|
Batting: RHB Russ Shambaugh
|
0-0: Fly out, F7 (Line Drive, 7, EV 98.1 MPH)
|
|
Batting: LHB Jordan de Jesus
|
0-0: Called Strike 0-1: Ball 1-1: Swinging Strike 1-2: Ball 2-2: Foul Ball, location: 2F 2-2: DOUBLE (Flyball, 89D, EV 99.4 MPH)
|
|
Batting: RHB Sean Neuroth
|
0-0: Ball 1-0: Called Strike 1-1: Called Strike 1-2: Strikes out swinging
|
| Bottom of the 2nd over - 4 runs, 3 hits, 1 error, 1 left on base; Caifornia 2 - New York 4 |
| TOP OF THE 3RD |
|
Caifornia Angels batting - Pitching for New York Yankees : RHP John Brice
|
|
Batting: SHB Aldo Questi
|
0-0: Ball 1-0: Ball 2-0: Fly out, F9 (Flyball, 9, EV 90.0 MPH)
|
|
Batting: RHB Preston Deakyne
|
0-0: Ball 1-0: Swinging Strike 1-1: SOLO HOME RUN (Flyball, 7D, EV 103.1 MPH), Distance : 410 ft
|
|
Batting: RHB Dietmar Warmisch
|
0-0: Ball 1-0: Ball 2-0: Called Strike 2-1: Swinging Strike 2-2: Strikes out swinging
|
|
Batting: RHB Danny Odom
|
0-0: Ball 1-0: Called Strike 1-1: Ball 2-1: SINGLE (Flyball, 78S, EV 86.3 MPH)
|
|
Batting: LHB Vinny Carreno
|
0-0: Called Strike 0-1: Ball 1-1: Ball 2-1: Called Strike 2-2: Strikes out swinging
|
| Top of the 3rd over - 1 run, 2 hits, 0 errors, 1 left on base; Caifornia 3 - New York 4 |
| BOTTOM OF THE 3RD |
|
New York Yankees batting - Pitching for Caifornia Angels : RHP Franz Holzknecht
|
|
Batting: LHB Jim Skare
|
0-0: Ball 1-0: Swinging Strike 1-1: Ground out 4-3 (Groundball, 4, EV 107.5 MPH)
|
|
Batting: LHB Evan Torraville
|
0-0: Ball 1-0: Ball 2-0: Ground out 5-3 (Groundball, 56, EV 87.5 MPH)
|
|
Batting: RHB C.J. Richerson
|
0-0: Called Strike 0-1: Ball 1-1: Ground out 5-3 (Groundball, 5L, EV 90.0 MPH)
|
| Bottom of the 3rd over - 0 runs, 0 hits, 0 errors, 0 left on base; Caifornia 3 - New York 4 |
| TOP OF THE 4TH |
|
Caifornia Angels batting - Pitching for New York Yankees : RHP John Brice
|
|
Batting: RHB Jasper Burd
|
0-0: Fly out, F8 (Flyball, 89XD, EV 66.9 MPH)
|
|
Batting: LHB Steve Roepke
|
0-0: Ball 1-0: Foul Ball, location: 2F 1-1: Swinging Strike 1-2: Foul Ball, location: 2F 1-2: Strikes out swinging
|
|
Batting: RHB Jose Pineda
|
0-0: Ball 1-0: Ground out 5-3 (Groundball, 56S, EV 84.4 MPH)
|
| Top of the 4th over - 0 runs, 0 hits, 0 errors, 0 left on base; Caifornia 3 - New York 4 |
| BOTTOM OF THE 4TH |
|
New York Yankees batting - Pitching for Caifornia Angels : RHP Franz Holzknecht
|
|
Batting: LHB David Bramble
|
0-0: Called Strike 0-1: Ball 1-1: Ball 2-1: DOUBLE (Groundball, 3L, EV 109.4 MPH)
|
|
Batting: RHB Kai Bellow
|
0-0: Called Strike 0-1: Called Strike 0-2: Ball 1-2: Fly out, F9 (Flyball, 9S, EV 91.3 MPH)
|
|
Batting: LHB Brad Ritter
|
0-0: Ball 1-0: Ground out U3 (Groundball, 34S, EV 66.9 MPH) David Bramble to third
|
|
Batting: RHB Russ Shambaugh
|
0-0: Ball 1-0: Swinging Strike 1-1: Foul Ball, location: 2F 1-2: Ball 2-2: Foul Ball, location: 2F 2-2: Foul Ball, location: 2F 2-2: Ground out 3-1 (Groundball, 13, EV 82.5 MPH)
|
| Bottom of the 4th over - 0 runs, 1 hit, 0 errors, 1 left on base; Caifornia 3 - New York 4 |
| TOP OF THE 5TH |
|
Caifornia Angels batting - Pitching for New York Yankees : RHP John Brice
|
|
Pitching: RHP Martin Goyer
|
|
|
Batting: RHB Nick Dunn
|
0-0: Called Strike 0-1: Foul Ball, location: 2F 0-2: Strikes out swinging
|
|
Batting: SHB Aldo Questi
|
0-0: Called Strike 0-1: Swinging Strike 0-2: Foul Ball, location: 2F 0-2: Ball 1-2: Ball 2-2: Ball 3-2: Foul Ball, location: 2F 3-2: SINGLE (Groundball, 6, EV 96.9 MPH)
|
|
Batting: RHB Preston Deakyne
|
0-0: Fielders Choice at 2nd, 1-6 (Groundball, 13, EV 72.5 MPH)
|
|
Batting: RHB Dietmar Warmisch
|
0-0: Swinging Strike 0-1: Called Strike Preston Deakyne steals 2nd base 0-2: Fly out, F7 (Line Drive, 78M, EV 96.9 MPH)
|
| Top of the 5th over - 0 runs, 1 hit, 0 errors, 1 left on base; Caifornia 3 - New York 4 |
| BOTTOM OF THE 5TH |
|
New York Yankees batting - Pitching for Caifornia Angels : RHP Franz Holzknecht
|
|
Pitching: RHP Kirk Thacker
|
|
|
Batting: LHB Jordan de Jesus
|
0-0: Called Strike 0-1: Ball 1-1: Ball 2-1: Ball 3-1: Swinging Strike 3-2: Foul Ball, location: 2F 3-2: Foul Ball, location: 2F 3-2: Strikes out swinging
|
|
Pinch Hitting: SHB Bartholomeu Chambino
|
0-0: Ball 1-0: Ball 2-0: Foul Ball, location: 2F 2-1: Foul Ball, location: 2F 2-2: Foul Ball, location: 2F 2-2: Ball 3-2: Foul Ball, location: 2F 3-2: Foul Ball, location: 2F 3-2: Foul Ball, location: 2F 3-2: Base on Balls
|
|
Batting: LHB Jim Skare
|
0-0: Ball 1-0: Foul Ball, location: 2F 1-1: SINGLE (Line Drive, 8LS, EV 98.8 MPH) Bartholomeu Chambino to second
|
|
Batting: LHB Evan Torraville
|
0-0: Ball 1-0: Foul Ball, location: 2F 1-1: Ball 2-1: Ground out U3 (Groundball, 34S, EV 86.3 MPH) Bartholomeu Chambino to third Jim Skare to second
|
|
Batting: RHB C.J. Richerson
|
0-0: Swinging Strike 0-1: Called Strike 0-2: Strikes out swinging
|
| Bottom of the 5th over - 0 runs, 1 hit, 0 errors, 2 left on base; Caifornia 3 - New York 4 |
| TOP OF THE 6TH |
|
Caifornia Angels batting - Pitching for New York Yankees : RHP Martin Goyer
|
|
Now at 3B: Bartholomeu Chambino
|
|
|
Now at SS: Jordan de Jesus
|
|
|
Batting: RHB Danny Odom
|
0-0: Ball 1-0: Fly out, F8 (Flyball, 8RD, EV 93.1 MPH)
|
|
Batting: LHB Vinny Carreno
|
0-0: Ball 1-0: Ball 2-0: Ball 3-0: Called Strike 3-1: Called Strike 3-2: Foul Ball, location: 2F 3-2: Base on Balls
|
|
Batting: RHB Jasper Burd
|
0-0: Ball 1-0: Foul Ball, location: 2F 1-1: Swinging Strike 1-2: Ground out U3 (Groundball, 3, EV 94.4 MPH) Vinny Carreno to second
|
|
Batting: LHB Steve Roepke
|
0-0: Ground out 4-3 (Groundball, 4, EV 104.4 MPH)
|
| Top of the 6th over - 0 runs, 0 hits, 0 errors, 1 left on base; Caifornia 3 - New York 4 |
| BOTTOM OF THE 6TH |
|
New York Yankees batting - Pitching for Caifornia Angels : RHP Kirk Thacker
|
|
Batting: LHB David Bramble
|
0-0: Called Strike 0-1: Ball 1-1: Ball 2-1: Swinging Strike 2-2: Ground out U3 (Groundball, 3S, EV 65.0 MPH)
|
|
Batting: RHB Kai Bellow
|
0-0: Ground out 6-3 (Groundball, 6D, EV 89.4 MPH)
|
|
Batting: LHB Brad Ritter
|
0-0: Ball 1-0: Fly out, F7 (Line Drive, 7D, EV 106.3 MPH)
|
| Bottom of the 6th over - 0 runs, 0 hits, 0 errors, 0 left on base; Caifornia 3 - New York 4 |
| TOP OF THE 7TH |
|
Caifornia Angels batting - Pitching for New York Yankees : RHP Martin Goyer
|
|
Batting: RHB Jose Pineda
|
0-0: Ball 1-0: Foul Ball, location: 2F 1-1: Ground out 4-3 (Groundball, 4, EV 84.4 MPH)
|
|
Pinch Hitting: RHB Mike Harkins
|
0-0: Ball 1-0: Ball 2-0: Foul Ball, location: 2F 2-1: Swinging Strike 2-2: Strikes out swinging
|
|
Batting: RHB Alain Delhaye
|
0-0: Called Strike 0-1: Ball 1-1: Swinging Strike 1-2: Strikes out swinging
|
| Top of the 7th over - 0 runs, 0 hits, 0 errors, 0 left on base; Caifornia 3 - New York 4 |
| BOTTOM OF THE 7TH |
|
New York Yankees batting - Pitching for Caifornia Angels : RHP Kirk Thacker
|
|
Pitching: RHP Danny White
|
|
|
Now at 2B: Mike Harkins
|
|
|
Batting: RHB Russ Shambaugh
|
0-0: Ball 1-0: Ball 2-0: Called Strike 2-1: Reached on error, E5 (Groundball, 56, EV 89.4 MPH)
|
|
Batting: LHB Jordan de Jesus
|
0-0: Bunted foul 0-1: Sac Bunt to 3S - play at first, batter OUT! 3-4 Russ Shambaugh to second
|
|
Batting: SHB Bartholomeu Chambino
|
0-0: Ball 1-0: Called Strike 1-1: Swinging Strike 1-2: DOUBLE (Groundball, 3L, EV 108.1 MPH) Russ Shambaugh scores
|
|
Batting: LHB Jason Peck
|
0-0: Ball 1-0: Called Strike 1-1: Fly out, F9 (Flyball, 9LD, EV 88.8 MPH) Runner from 2nd tags up, SAFE at 3rd, no throw by RF
|
|
Pinch Hitting: RHB Sam Saunders
|
0-0: Fly out, F8 (Flyball, 8RM, EV 82.5 MPH)
|
| Bottom of the 7th over - 1 run, 1 hit, 1 error, 1 left on base; Caifornia 3 - New York 5 |
| TOP OF THE 8TH |
|
Caifornia Angels batting - Pitching for New York Yankees : RHP Martin Goyer
|
|
Pitching: RHP Edwin Espinal
|
|
|
Now in RF: Sam Saunders
|
|
|
Batting: RHB Preston Deakyne
|
0-0: Called Strike 0-1: Foul Ball, location: 2F 0-2: Ball 1-2: Ball 2-2: SOLO HOME RUN (Flyball, 9D, EV 95.6 MPH), Distance : 381 ft
|
|
Pinch Hitting: LHB Javier Trujillo
|
0-0: Ball 1-0: Foul Ball, location: 2F 1-1: Ball 2-1: Ball 3-1: Swinging Strike 3-2: Strikes out swinging
|
|
Batting: RHB Danny Odom
|
0-0: Ball 1-0: Ball 2-0: Called Strike 2-1: Ball 3-1: Base on Balls
|
|
Pinch Hitting: LHB Micah Miller
|
0-0: Ball 1-0: Ball 2-0: Foul Ball, location: 2F 2-1: Swinging Strike 2-2: Strikes out looking
|
|
Pinch Hitting: RHB Curt Earnest
|
0-0: Ball 1-0: Ground out 5-3 (Groundball, 5S, EV 83.8 MPH)
|
| Top of the 8th over - 1 run, 1 hit, 0 errors, 1 left on base; Caifornia 4 - New York 5 |
| BOTTOM OF THE 8TH |
|
New York Yankees batting - Pitching for Caifornia Angels : RHP Danny White
|
|
Now at 1B: Curt Earnest
|
|
|
Now at 3B: Preston Deakyne
|
|
|
Now at SS: Javier Trujillo
|
|
|
Now in RF: Micah Miller
|
|
|
Pinch Hitting: RHB Scott King
|
0-0: Called Strike 0-1: Ball 1-1: SINGLE (Line Drive, 7LM, EV 107.5 MPH)
|
|
Pinch Hitting: LHB Yao-pang Tien
|
0-0: Called Strike 0-1: SINGLE (Line Drive, 9LS, EV 88.8 MPH) Scott King to second Runner from 2nd tries for 3rd, SAFE, throw by RF made to third
|
|
Pinch Hitting: LHB Kazuyoshi Nakamura
|
0-0: Fly out, F8 (Flyball, 78D, EV 79.4 MPH) Runner from 3rd tags up, SCORES, no throw by CF
|
|
Batting: LHB Brad Ritter
|
0-0: Called Strike 0-1: Ball 1-1: Grounds into double play, 4-6-3 (Groundball, 4, EV 103.8 MPH)
|
| Bottom of the 8th over - 1 run, 2 hits, 0 errors, 0 left on base; Caifornia 4 - New York 6 |
| TOP OF THE 9TH |
|
Caifornia Angels batting - Pitching for New York Yankees : RHP Edwin Espinal
|
|
Pitching: RHP Mike Amos
|
|
|
Now at 1B: Yao-pang Tien
|
|
|
Now at 2B: Scott King
|
|
|
Now in LF: Kazuyoshi Nakamura
|
|
|
Batting: LHB Steve Roepke
|
0-0: Foul Ball, location: 2F 0-1: Called Strike 0-2: Foul Ball, location: 2F 0-2: Foul Ball, location: 2F 0-2: Ball 1-2: Foul Ball, location: 2F 1-2: Ball 2-2: Ground out 5-3 (Groundball, 56S, EV 90.0 MPH)
|
|
Batting: RHB Jose Pineda
|
0-0: Fly out, F9 (Flyball, 89D, EV 106.3 MPH)
|
|
Batting: RHB Mike Harkins
|
0-0: Called Strike 0-1: Ball 1-1: Foul Ball, location: 2F 1-2: Strikes out looking
|
| Top of the 9th over - 0 runs, 0 hits, 0 errors, 0 left on base; Caifornia 4 - New York 6 |
|